 Dungeon Sprint DCSS version 0.22-a0-367-gb72a975701 (webtiles) character file.

307708 KillingSpree the End of an Era (level 18, -28/196 HPs)
             Began as a Demonspawn Fighter on Apr 21, 2018.
             Was the Champion of Qazlal.
             Killed from afar by an ancient lich (77 damage)
             ... with a bolt of lightning
             ... in the Dungeon (Sprint IX: "|||||||||||||||||||||||||||||") on Apr 22, 2018.
             The game lasted 00:15:03 (5554 turns).

KillingSpree the End of an Era (Demonspawn Fighter) Turns: 5554, Time: 00:15:05

Health: -28/196    AC: 44    Str: 27    XL:     18   Next: 91%
Magic:  30/35      EV: 14    Int: 10    God:    Qazlal [******]
Gold:   434        SH: 28    Dex: 18    Spells: 17/17 levels left

rFire    + + +     SeeInvis .   M - +8 mace of Evof {flame, *Noise rF++ Dex+4}
rCold    + + +     Gourm    .   c - +0 shield
rNeg     . . .     Faith    .   a - +10 gold dragon scales
rPois    +         Spirit   .   E - +0 helmet of the Centipede {-Tele rC+ MR++ Regen+}
rElec    +         Reflect  .   C - +0 cloak of Yredelemnul {rC+ Str+4}
rCorr    .         Harm     .   (gloves unavailable)
MR       +++..     Clarity  +   (no boots) Stlth ..........NoTele +
                                n - amulet of rage
HPRegen  0.82/turn              r - +2 ring of protection
MPRegen  0.24/turn              D - ring of poison resistance

@: protected from electricity, repel missiles
A: claws 3, iridescent scales 2, camouflage 1, clarity, cold resistance 1,
icemail, powered by pain 2, robust 1, freezing cloud immunity
}: 5/15 runes: decaying, serpentine, barnacled, silver, gossamer
a: Upheaval, Elemental Force, Disaster Area, Renounce Religion, Evoke Berserk
Rage


You were in the Dungeon.
You worshipped Qazlal.
Qazlal was exalted by your worship.
You were not hungry.

You visited 1 branch You collected 1933 gold pieces.
You spent 1499 gold pieces at shops.

Inventory:

Hand Weapons
 K - the +1 mace "Dapur" {freeze, rC- Str+3 Int+3 SInv}
   (You found it in the Dungeon)

   It has been specially enchanted to freeze those struck by it, causing extra
   injury to most foes and up to half again as much damage against particularly
   susceptible opponents.
   It can also slow down cold-blooded creatures.
   It affects your strength (+3).
   It affects your intelligence (+3).
   It makes you vulnerable to cold.
   It lets you see invisible.
 M - the +8 mace of Evof (weapon) {flame, *Noise rF++ Dex+4}
   (You took it off a deep elf mage in the Dungeon)

   It has been specially enchanted to burn those struck by it, causing extra
   injury to most foes and up to half again as much damage against particularly
   susceptible opponents.
   It affects your dexterity (+4).
   It greatly protects you from fire.
   It may make noises in combat.
 V - the +5 demon whip of Forced Transition {vamp, Dex+3}
   (You found it in the Dungeon)

   It inflicts no extra harm, but heals its wielder when it wounds a living foe.
   It affects your dexterity (+3).
Armour
 a - +10 gold dragon scales (worn)
 c - a +0 shield (worn)
 C - the +0 cloak of Yredelemnul (worn) {rC+ Str+4}
   (You found it in the Dungeon)

   It affects your strength (+4).
   It protects you from cold.
 E - the +0 helmet of the Centipede (worn) {-Tele rC+ MR++ Regen+}
   (You found it in the Dungeon)

   It protects you from cold.
   It affects your resistance to hostile enchantments.
   It prevents most forms of teleportation.
   It increases your rate of regeneration.
 X - the +3 shadow dragon scales of Amorality {rF+ MR+ Stlth++++}
   (You found it in the Dungeon)

   It protects you from fire.
   It affects your resistance to hostile enchantments.
   It makes you much more stealthy.
Magical Staves
 P - an uncursed staff of fire
 Q - an uncursed staff of power
Jewellery
 n - an amulet of rage (around neck)
 o - a +4 ring of protection
 p - a +4 ring of protection
 r - a +2 ring of protection (left claw)
 s - a +6 ring of strength
 A - an uncursed amulet of harm
 D - a ring of poison resistance (right claw)
 G - the amulet "Ququsif" {RegenMP Stlth+}
   (You found it in the Dungeon)

   [amulet of magic regeneration]

   It increases your magic regeneration.
   It makes you more stealthy.
 N - a cursed ring of loudness {unknown}
 O - an uncursed amulet of faith {unknown}
 R - the ring of Zogauw {MR+ Dex+3}
   (You found it in the Dungeon)

   [ring of protection from magic]

   It affects your dexterity (+3).
   It affects your resistance to hostile enchantments.
 S - the amulet "Lathungi" {Faith rElec MR- Int+4}
   (You found it in the Dungeon)

   [amulet of faith]

   It allows you to gain divine favour quickly.
   It affects your intelligence (+4).
   It insulates you from electricity.
   It affects your resistance to hostile enchantments.
 T - the ring "Maolox" {Str+3 Dex+2 SInv}
   (You found it in the Dungeon)

   [ring of see invisible]

   It affects your strength (+3).
   It affects your dexterity (+2).
   It lets you see invisible.
 U - the ring "Weezxelal" {rElec Str+3 Int+4 Dex-2 SInv}
   (You found it in the Dungeon)

   [ring of see invisible]

   It affects your strength (+3).
   It affects your intelligence (+4).
   It affects your dexterity (-2).
   It insulates you from electricity.
   It lets you see invisible.
Wands
 L - a wand of flame (43)
Scrolls
 k - 8 scrolls of blinking
 l - 5 scrolls of remove curse
 m - 2 scrolls of amnesia
 x - 3 scrolls of identify
 y - 9 scrolls of enchant weapon
 B - 4 scrolls of fog
 F - 2 scrolls of fear
 I - a scroll of silence {unknown}
Potions
 b - a potion of agility
 d - 4 potions of might
 e - 11 potions of curing
 g - 10 potions of heal wounds
 h - 7 potions of haste
 i - 3 potions of magic
 j - a potion of invisibility
 t - 3 potions of brilliance
 Y - a potion of berserk rage
 Z - a potion of mutation
Miscellaneous
 z - a lamp of fire
Comestibles
 f - 11 rations
 q - 3 chunks of flesh


   Skills:
 + Level 26.3 Fighting
 O Level 27 Maces & Flails
 + Level 22.6 Armour
 + Level 12.5 Dodging
 O Level 27 Shields
 O Level 27 Invocations
 - Level 15.4 Evocations


You had 17 spell levels left.
You didn't know any spells.

Dungeon Overview and Level Annotations

Branches:
Dungeon (1/1)

Altars:
Cheibriados
Dithmenos
Elyvilon
Fedhas
Gozag
Hepliaklqana
Kikubaaqudgha
Makhleb
Nemelex Xobeh
Okawaru
Qazlal
Ru
Sif Muna
Trog
Uskayaw
Vehumet
Wu Jian
Xom
Yredelemnul
Zin
The Shining One
Beogh
Jiyva
Lugonu

Shops:
D (}[*


Innate Abilities, Weirdness & Mutations

You have claws for hands.
You are mostly covered in iridescent scales. (AC +4)
Your flesh is cold resistant. (rC+)
A meltable icy envelope protects you from harm. (AC +0)
You sometimes gain power by taking damage.
You are immune to freezing clouds.
Your skin changes colour to match your surroundings (Stealth+).
You possess an exceptional clarity of mind.
You are robust. (+10% HP)


Message History

Your mace of Evof cheers you on.
The ancient lich is lightly damaged.
The ancient lich casts a spell at you.
You easily resist.
You hit the ancient lich but do no damage.
The ancient lich is lightly damaged.
The ancient lich casts a spell at you. The bolt of lightning hits you!
* * * LOW HITPOINT WARNING * * *
You hit the ancient lich. You burn the ancient lich.
The ancient lich is lightly damaged.
The ancient lich gestures wildly while chanting.
The ancient lich seems to speed up.
You closely miss the ancient lich.
The ancient lich is lightly damaged.
The ancient lich gestures at you while chanting.
The bolt of lightning hits you!
Your resistance to fire fades away.
You feel protected from electricity.
You die...

▓.▓≈▓.▓.▓.▓)▓.▓.
▓.▓≈▓.▓[▓.▓.▓.▓'
▓.▓)▓.▓[▓.▓.▓.▓.
▓.▓.▓.▓[▓.▓.▓.▓.
▓.▓.▓.▓[▓.▓.▓.▓†
▓+▓.▓)▓.▓[▓.▓.▓.▓)
▓.▓.▓.▓.▓.▓.▓[▓.▓.
▓L▓.▓.▓.▓.▓.▓.▓.▓)
▓@▓.▓[▓.▓.▓.▓.▓.▓)
▓.▓.▓.▓.▓.▓.▓)▓.▓.
▓.▓.▓)▓.▓)▓.▓)▓.▓(
▓.▓.▓.▓.▓)▓.▓)▓.▓.
▓.▓.▓.▓)▓)▓.▓)▓.▓.
▓)▓.▓.▓.▓)▓.▓.▓.▓[
▓.▓.▓.▓.▓)▓.▓.▓.▓)
▓.▓.▓.▓.▓.▓.▓.▓.▓(
▓[▓.▓[▓.▓)▓.▓.▓.▓)


You could see an ancient lich.

Vanquished Creatures
  An orb of fire (D)
  Margery (D)
  Xtahua (D)
  4 golden dragons (D)
  Jory (D)
  Nikola (D)
  A bone dragon (D)
  3 tentacled monstrosities (D)
  2 liches (D)
  14 Orb Guardians (D)
  2 quicksilver dragons (D)
  A titan (D)
  Frances (D)
  A sphinx (D)
  3 death cobs (D)
  9 shadow dragons (D)
  4 storm dragons (D)
  2 draconian monks (D)
  Donald (D)
  Ilsuiw (D)
  A fire giant (D)
  5 nagarajas (D)
  3 frost giants (D)
  2 draconian knights (D)
  Aizul (D)
  A ghost moth (D)
  2 vault wardens (D)
  4 draconian annihilators (D)
  2 draconian scorchers (D)
  A draconian shifter (D)
  2 draconian stormcallers (D)
  4 emperor scorpions (D)
  6 stone giants (D)
  A very ugly thing (D)
  3 ironheart preservers (D)
  An entropy weaver (D)
  A vampire knight (D)
  A green draconian (D)
  3 black draconians (D)
  4 red draconians (D)
  3 purple draconians (D)
  A yellow draconian (D)
  2 ettins (D)
  A white draconian (D)
  Snorg (D)
  5 merfolk javelineers (D)
  2 merfolk impalers (D)
  A yaktaur captain (D)
  6 great orbs of eyes (D)
  3 rakshasas (D)
  25 vault guards (D)
  Erolcha (D)
  7 hydras (D)
  5 naga warriors (D)
  A ghost crab (D)
  5 ice dragons (D)
  2 merfolk avatars (D)
  2 centaur warriors (D)
  An anaconda (D)
  A merfolk aquamancer (D)
  Erica (D)
  5 ogre magi (D)
  A deep troll shaman (D)
  3 deep troll earth magi (D)
  A naga sharpshooter (D)
  6 orc high priests (D)
  A shock serpent (D)
  6 hell knights (D)
  A deep elf knight (D)
  Sonja (D)
  A sea snake (D)
  A shadow wraith (D)
  A glowing orange brain (D)
  7 swamp dragons (D)
  2 deep elf archers (D)
  3 ironbrand convokers (D)
  A necromancer (D)
  4 orc knights (D)
  A deep elf mage (D)
  2 cyclopes (D)
  3 wolf spiders (D)
  A manticore (D)
  A salamander (D)
  6 moths of wrath (D)
  A salamander (shapeshifter) (D)
  A merfolk siren (D)
  An ugly thing (D)
  A spiny frog (D)
  A torpor snail (D)
  2 naga magi (D)
  2 vault sentinels (D)
  3 black mambas (D)
  4 demonic crawlers (D)
  2 freezing wraiths (D)
  A kobold demonologist (D)
  2 yaktaurs (D)
  4 jumping spiders (D)
  5 merfolk (D)
  2 trolls (D)
  A hippogriff (shapeshifter) (D)
  2 bog bodies (D)
  2 hornets (D)
  4 polar bears (D)
  3 slime creatures (D)
  3 hippogriffs (D)
  2 water elementals (D)
  A redback (D)
  2 spriggans (D)
  A tarantella (D)
  2 basilisks (D)
  2 vampire mosquitoes (D)
  3 nagas (D)
  A floating eye (D)
  4 water moccasins (D)
  2 swamp drakes (D)
  4 porcupines (D)
  An ice beast (D)
  4 black bears (D)
  10 orc warriors (D)
  A wolf (D)
  A centaur (D)
  3 crocodiles (D)
  2 big kobolds (D)
  2 bullfrogs (D)
  A scorpion (D)
  A hound (D)
  A jelly (D)
  2 orc wizards (D)
  12 orc priests (D)
  3 worker ants (D)
  A shadow imp (D)
  7 orcs (D)
  A bat (D)
  2 bat skeletons (D)
  A jackal (D)
  A quokka (D)
  A leopard gecko skeleton (D)
  2 quokka skeletons (D)
  3 rats (D)
371 creatures vanquished.

Notes
Turn   | Place    | Note
-------+----------+-------------------------------------------
     0 | D        | KillingSpree the Demonspawn Fighter began the quest for the Orb.
     0 | D        | Reached XP level 1. HP: 18/18 MP: 1/1
    36 | D        | Noticed a worker ant
    36 | D        | Noticed a hound
    36 | D        | Noticed an ice beast
    43 | D        | Killed an ice beast
    43 | D        | Gained mutation: You have sharp fingernails. [demonic ancestry]
    43 | D        | Reached XP level 2. HP: 24/24 MP: 2/2
    43 | D        | Gained mutation: You are partially covered in iridescent scales. (AC +2) [demonic ancestry]
    43 | D        | Reached XP level 3. HP: 29/29 MP: 3/3
    43 | D        | Reached XP level 4. HP: 35/35 MP: 4/4
    47 | D        | Reached XP level 5. HP: 41/41 MP: 5/5
    82 | D        | Found a roughly hewn altar of Beogh.
    82 | D        | Found a snail-covered altar of Cheibriados.
    82 | D        | Found a shadowy altar of Dithmenos.
    82 | D        | Found a white marble altar of Elyvilon.
    82 | D        | Found a blossoming altar of Fedhas.
    82 | D        | Found an opulent altar of Gozag.
    83 | D        | Found a hazy altar of Hepliaklqana.
    84 | D        | Found a viscous altar of Jiyva.
    85 | D        | Found an ancient bone altar of Kikubaaqudgha.
    86 | D        | Found a corrupted altar of Lugonu.
    87 | D        | Found a burning altar of Makhleb.
    88 | D        | Found a sparkling altar of Nemelex Xobeh.
    89 | D        | Found an iron altar of Okawaru.
    90 | D        | Found a stormy altar of Qazlal.
    91 | D        | Found a sacrificial altar of Ru.
    92 | D        | Found a deep blue altar of Sif Muna.
    93 | D        | Found a bloodstained altar of Trog.
    94 | D        | Found a hide-covered altar of Uskayaw.
    95 | D        | Found a radiant altar of Vehumet.
    96 | D        | Found an ornate altar of the Wu Jian Council.
    97 | D        | Found a shimmering altar of Xom.
    98 | D        | Became a worshipper of Qazlal Stormbringer
    99 | D        | Found a basalt altar of Yredelemnul.
   100 | D        | Found a glowing silver altar of Zin.
   101 | D        | Found a glowing golden altar of the Shining One.
   154 | D        | Upgraded the game from 0.22-a0-362-g535178c5c5 to 0.22-a0-367-gb72a975701
   182 | D        | Reached * piety under Qazlal
   182 | D        | Reached skill level 10 in Maces & Flails
   204 | D        | Gained mutation: You are mostly covered in iridescent scales. (AC +4) [demonic ancestry]
   204 | D        | Reached XP level 6. HP: 16/50 MP: 7/9
   209 | D        | HP: 1/50 [acid (3)]
   216 | D        | Reached ** piety under Qazlal
   216 | D        | Reached skill level 5 in Fighting
   349 | D        | Noticed a kobold demonologist
   349 | D        | Noticed a vampire mosquito
   351 | D        | Killed a vampire mosquito
   351 | D        | Reached skill level 1 in Dodging
   351 | D        | Reached skill level 5 in Invocations
   352 | D        | Killed a kobold demonologist
   352 | D        | Reached skill level 5 in Armour
   352 | D        | Reached skill level 5 in Shields
   352 | D        | Reached XP level 7. HP: 59/59 MP: 9/12
   352 | D        | Reached *** piety under Qazlal
   472 | D        | Got the +4 scale mail "Ori Keuv" {rElec rF- rCorr SInv}
   494 | D        | Gained mutation: You possess an exceptional clarity of mind. [potion of mutation]
   494 | D        | Gained mutation: You are robust. (+10% HP) [potion of mutation]
   494 | D        | Gained mutation: Your skin changes colour to match your surroundings (Stealth+). [potion of mutation]
   495 | D        | Noticed a hippogriff
   497 | D        | Noticed a hippogriff
   497 | D        | Reached **** piety under Qazlal
   500 | D        | Gained mutation: You have very sharp fingernails. [demonic ancestry]
   500 | D        | Reached XP level 8. HP: 69/73 MP: 12/14
   509 | D        | Killed a hippogriff
   509 | D        | Reached ***** piety under Qazlal
   509 | D        | Killed a hippogriff
   697 | D        | Noticed a spiny frog
   698 | D        | Reached skill level 10 in Invocations
   698 | D        | Gained mutation: Your flesh is cold resistant. (rC+) [demonic ancestry]
   698 | D        | Reached XP level 9. HP: 81/81 MP: 16/16
   698 | D        | Killed a spiny frog
   736 | D        | Noticed a polar bear
   736 | D        | Noticed a polar bear
   736 | D        | Noticed a polar bear
   736 | D        | Noticed a polar bear
   737 | D        | Reached ****** piety under Qazlal
   737 | D        | Killed a polar bear
   737 | D        | Killed a polar bear
   737 | D        | Killed a polar bear
   737 | D        | Reached skill level 5 in Dodging
   742 | D        | Killed a polar bear
   742 | D        | Reached XP level 10. HP: 82/91 MP: 7/18
   822 | D        | Noticed Erica
   837 | D        | Killed Erica
  1016 | D        | Noticed an orc knight
  1021 | D        | Killed an orc knight
  1077 | D        | Found Ocaashra's Assorted Antiques.
  1077 | D        | Noticed an orc high priest
  1079 | D        | Noticed an orc high priest
  1079 | D        | Killed an orc high priest
  1079 | D        | Reached skill level 10 in Shields
  1080 | D        | Noticed an orc high priest
  1081 | D        | Found Xetaill's Antique Armour Shop.
  1084 | D        | Noticed an orc high priest
  1087 | D        | Killed an orc high priest
  1087 | D        | Reached skill level 15 in Invocations
  1088 | D        | Noticed a rust devil
  1088 | D        | Noticed a soul eater
  1088 | D        | Found Poude's Gadget Boutique.
  1088 | D        | Noticed a rust devil
  1105 | D        | Noticed a soul eater
  1111 | D        | Killed an orc high priest
  1111 | D        | Reached skill level 5 in Evocations
  1111 | D        | Gained mutation: You are immune to freezing clouds. [demonic ancestry]
  1111 | D        | Reached XP level 11. HP: 37/99 MP: 22/22
  1111 | D        | Killed an orc high priest
  1112 | D        | Noticed an orc high priest
  1112 | D        | Found Caets's Antique Weapon Shop.
  1112 | D        | Noticed an orc high priest
  1117 | D        | Noticed a soul eater
  1119 | D        | Killed an orc high priest
  1120 | D        | Killed an orc high priest
  1303 | D        | Bought a fine whip for 165 gold pieces
  1309 | D        | Bought a lamp of fire for 1160 gold pieces
  1309 | D        | Bought a knobbly glass ring for 145 gold pieces
  1309 | D        | Bought a scroll labeled CYCWYASUVVO for 29 gold pieces
  1309 | D        | Identified the +5 whip "Atzokat" {drain, Str+2} (You bought it in a shop in the Dungeon)
  1376 | D        | Noticed Sonja
  1388 | D        | Killed Sonja
  1388 | D        | Reached skill level 10 in Fighting
  1451 | D        | Got the +0 helmet of the Centipede {-Tele rC+ MR++ Regen+}
  1511 | D        | Noticed a centaur warrior
  1512 | D        | Killed a centaur warrior
  1518 | D        | Noticed a stone giant
  1520 | D        | Noticed a fire giant
  1521 | D        | Noticed a deep troll earth mage
  1522 | D        | Killed a deep troll earth mage
  1522 | D        | Killed a fire giant
  1524 | D        | Noticed a stone giant
  1524 | D        | Killed a stone giant
  1526 | D        | Noticed a lich
  1527 | D        | Noticed a rakshasa
  1527 | D        | Killed a stone giant
  1527 | D        | Gained mutation: You sometimes gain a little power by taking damage. [demonic ancestry]
  1527 | D        | Reached XP level 12. HP: 106/107 MP: 11/26
  1527 | D        | Killed a rakshasa
  1535 | D        | Noticed an ettin
  1539 | D        | Noticed a Tzitzimitl
  1543 | D        | Killed an ettin
  1558 | D        | Killed a lich
  1626 | D        | Noticed Aizul
  1645 | D        | Killed Aizul
  1831 | D        | Noticed Frances
  1875 | D        | Killed Frances
  1957 | D        | Reached skill level 10 in Evocations
  2053 | D        | Noticed an anaconda
  2054 | D        | Gained mutation: You have claws for hands. [demonic ancestry]
  2054 | D        | Reached XP level 13. HP: 112/116 MP: 28/28
  2096 | D        | Reached skill level 10 in Armour
  2256 | D        | Noticed Erolcha
  2272 | D        | Killed Erolcha
  2361 | D        | Noticed a stone giant
  2362 | D        | Reached skill level 15 in Maces & Flails
  2362 | D        | Killed a stone giant
  2384 | D        | Noticed an ettin
  2384 | D        | Noticed a frost giant
  2387 | D        | Noticed a stone giant
  2388 | D        | Killed an ettin
  2388 | D        | Killed a stone giant
  2412 | D        | Killed a frost giant
  2412 | D        | Gained mutation: A meltable icy envelope protects you from harm. (AC +0) [demonic ancestry]
  2412 | D        | Reached XP level 14. HP: 113/126 MP: 9/31
  2454 | D        | Noticed an ironheart preserver
  2455 | D        | Reached skill level 27 in Invocations
  2465 | D        | Killed an ironheart preserver
  2500 | D        | Noticed a vampire knight
  2500 | D        | Reached skill level 15 in Shields
  2500 | D        | Killed a vampire knight
  2506 | D        | Noticed a vault warden
  2509 | D        | Noticed a vault warden
  2511 | D        | Noticed a stone giant
  2532 | D        | Noticed an entropy weaver
  2569 | D        | Killed a vault warden
  2571 | D        | Killed an entropy weaver
  2571 | D        | Killed a stone giant
  2675 | D        | Reached skill level 15 in Evocations
  2682 | D        | Killed a vault warden
  2768 | D        | Noticed Nikola
  2777 | D        | Killed Nikola
  2873 | D        | Got the +0 cloak of Yredelemnul {rC+ Str+4}
  2966 | D        | Noticed Snorg
  2990 | D        | Killed Snorg
  3030 | D        | Noticed a nagaraja
  3030 | D        | Noticed a nagaraja
  3032 | D        | Noticed a nagaraja
  3032 | D        | Killed a nagaraja
  3032 | D        | Killed a nagaraja
  3037 | D        | Killed a nagaraja
  3038 | D        | Noticed a nagaraja
  3040 | D        | Killed a nagaraja
  3040 | D        | Reached XP level 15. HP: 137/137 MP: 25/32
  3044 | D        | Noticed a nagaraja
  3074 | D        | Killed a nagaraja
  3103 | D        | Got a serpentine rune of Zot
  3115 | D        | Noticed Ilsuiw
  3138 | D        | Killed Ilsuiw
  3190 | D        | Reached skill level 15 in Fighting
  3223 | D        | Killed a ghost moth
  3257 | D        | Got a gossamer rune of Zot
  3272 | D        | Got a barnacled rune of Zot
  3365 | D        | Reached skill level 15 in Armour
  3382 | D        | Got a decaying rune of Zot
  3388 | D        | Noticed Donald
  3422 | D        | Killed Donald
  3735 | D        | Reached XP level 16. HP: 151/151 MP: 33/33
  3919 | D        | Reached skill level 10 in Dodging
  4064 | D        | Noticed a lich
  4065 | D        | Killed a lich
  4086 | D        | Noticed a shadow dragon
  4118 | D        | Noticed a shadow dragon
  4123 | D        | Killed a shadow dragon
  4149 | D        | Killed a shadow dragon
  4215 | D        | Got a smoking mace
  4216 | D        | Identified the cursed +1 mace "Dapur" {freeze, rC- Str+3 Int+3 SInv} (You found it in the Dungeon)
  4221 | D        | Got a smoking mace {flame}
  4223 | D        | Identified the +8 mace of Evof {flame, *Noise rF++ Dex+4} (You took it off a deep elf mage in the Dungeon)
  4265 | D        | Noticed a shadow dragon
  4265 | D        | Noticed a titan
  4265 | D        | Noticed a golden dragon
  4265 | D        | Noticed a shadow dragon
  4270 | D        | Noticed a shadow dragon
  4270 | D        | Killed a golden dragon
  4270 | D        | Killed a titan
  4270 | D        | Killed a shadow dragon
  4273 | D        | Noticed a quicksilver dragon
  4278 | D        | Killed a shadow dragon
  4280 | D        | Killed a shadow dragon
  4280 | D        | Killed a quicksilver dragon
  4287 | D        | Got a silver rune of Zot
  4338 | D        | Noticed Margery
  4359 | D        | Killed Margery
  4409 | D        | Noticed Xtahua
  4434 | D        | Killed Xtahua
  4434 | D        | Gained mutation: You sometimes gain power by taking damage. [demonic ancestry]
  4434 | D        | Reached XP level 17. HP: 111/166 MP: 34/34
  4485 | D        | Got the amulet "Ququsif" {RegenMP Stlth+}
  4487 | D        | Got the ring of Zogauw {MR+ Dex+3}
  4489 | D        | Got the amulet "Lathungi" {Faith rElec MR- Int+4}
  4491 | D        | Got the ring "Maolox" {Str+3 Dex+2 SInv}
  4493 | D        | Got the ring "Weezxelal" {rElec Str+3 Int+4 Dex-2 SInv}
  4500 | D        | Got the +5 demon whip of Forced Transition {vamp, Dex+3}
  4547 | D        | Got the +3 shadow dragon scales of Amorality {rF+ MR+ Stlth++++}
  4648 | D        | Noticed Jory
  4674 | D        | Killed Jory
  4759 | D        | Noticed a golden dragon
  4762 | D        | Killed a golden dragon
  4821 | D        | Noticed a golden dragon
  4821 | D        | Noticed a bone dragon
  4822 | D        | Killed a golden dragon
  4845 | D        | Killed a bone dragon
  4944 | D        | Noticed a tentacled monstrosity
  4952 | D        | Killed a tentacled monstrosity
  4953 | D        | Reached skill level 27 in Maces & Flails
  5207 | D        | Noticed a tentacled monstrosity
  5207 | D        | Noticed a tentacled monstrosity
  5207 | D        | Noticed a golden dragon
  5225 | D        | Killed a tentacled monstrosity
  5225 | D        | Reached skill level 27 in Shields
  5225 | D        | Reached XP level 18. HP: 164/178 MP: 30/35
  5225 | D        | Killed a tentacled monstrosity
  5226 | D        | Killed a golden dragon
  5394 | D        | Noticed an Orb Guardian
  5394 | D        | Noticed an Orb Guardian
  5394 | D        | Noticed an Orb Guardian
  5394 | D        | Noticed an Orb Guardian
  5394 | D        | Noticed an Orb Guardian
  5394 | D        | Noticed an Orb Guardian
  5398 | D        | Noticed an Orb Guardian
  5408 | D        | Killed an Orb Guardian
  5412 | D        | Noticed an Orb Guardian
  5422 | D        | Killed an Orb Guardian
  5426 | D        | Noticed an Orb Guardian
  5431 | D        | Killed an Orb Guardian
  5432 | D        | Noticed an Orb Guardian
  5442 | D        | Killed an Orb Guardian
  5457 | D        | Killed an Orb Guardian
  5460 | D        | Killed an Orb Guardian
  5476 | D        | Killed an Orb Guardian
  5480 | D        | Killed an Orb Guardian
  5488 | D        | Killed an Orb Guardian
  5496 | D        | Killed an Orb Guardian
  5507 | D        | Noticed an Orb Guardian
  5507 | D        | Noticed an Orb Guardian
  5507 | D        | Noticed an orb of fire
  5508 | D        | Killed an Orb Guardian
  5508 | D        | Killed an Orb Guardian
  5509 | D        | Noticed an Orb Guardian
  5513 | D        | Noticed an Orb Guardian
  5516 | D        | Killed an Orb Guardian
  5516 | D        | Killed an Orb Guardian
  5525 | D        | Killed an orb of fire
  5550 | D        | Noticed an ancient lich
  5554 | D        | Killed from afar by an ancient lich

Vault maps used:
D:        linesprint

Skill      XL: |  1  2  3  4  5  6  7  8  9 10 11 12 13 14 15 16 17 18 |
---------------+-------------------------------------------------------+-----
Maces & Flails | 8 9 10 11 12 13 14 15 17 21 27 | 27.0
Fighting       | 4 6 7 8 9 10 11 12 13 16 18 20 26 | 26.3
Armour         | 4 5 6 7 8 9 11 13 15 16 17 22 | 22.6
Shields        | 4 5 7 8 10 11 12 14 17 22 25 27 | 27.0
Invocations    | 4 7 8 10 11 15 20 23 26 27 | 27.0
Dodging        | 2 3 5 6 7 8 9 10 11 12 | 12.5
Evocations     | 5 8 10 12 15 | 15.4

Action                   |  1- 3 |  4- 6 |  7- 9 | 10-12 | 13-15 | 16-18 || total
-------------------------+-------+-------+-------+-------+-------+-------++-------
Melee: Flail             |    16 |    71 |    61 |    57 |       |       ||   205
       Whip              |       |       |       |   118 |   684 |   417 ||  1219
       Mace              |       |       |       |       |       |   337 ||   337
Invok: Disaster Area     |       |       |     2 |    15 |    21 |    18 ||    56
Evoke: Wand              |       |     2 |     8 |       |       |       ||    10
  Use: Potion            |     1 |     2 |     1 |     2 |       |       ||     6
       Scroll            |       |       |       |       |       |    11 ||    11
  Eat: Chunk             |       |       |       |     4 |     5 |     4 ||    13
       Ration            |       |       |       |       |       |     1 ||     1
Armor: Scale mail        |     6 |     6 |    16 |    10 |       |       ||    38
       Ring mail         |       |    21 |     3 |       |       |       ||    24
       Chain mail        |       |       |       |    24 |    93 |    48 ||   165
       Gold dragon scale |       |       |       |       |       |    38 ||    38
       Shadow dragon sca |       |       |       |       |       |    13 ||    13
Dodge: Dodged            |     5 |    16 |    10 |    28 |    66 |    87 ||   212
       Deflected         |       |       |       |     5 |     5 |     4 ||    14
Block: Shield            |     4 |    23 |    41 |    91 |   320 |   403 ||   882

Table legend:
 A = Spawn XP
 B = Non-spawn XP
 C = Spawn XP percentage of total XP
 D = Spawn monster count
 E = Non-spawn monster count
 F = Spawn count percentage of total count
 G = Total turns spent on level
                    A         B        C        D         E        F      G
               +---------+---------+-------+---------+---------+-------+---------
         Total |       0 |  369272 |   0.0 |       0 |     371 |   0.0 |  5554
               +---------+---------+-------+---------+---------+-------+---------
             D |       0 |  369272 |   0.0 |       0 |     371 |   0.0 |  5554
               +---------+---------+-------+---------+---------+-------+---------
